[Event "42nd Olympiad Baku 2016 Open"]
[Site "Baku"]
[Date "2016.09.08"]
[Round "6.28"]
[White "Smirnov, Anton"]
[Black "Barbosa, Evandro Amorim"]
[Result "1-0"]
[ECO "D80"]
[WhiteElo "2482"]
[BlackElo "2509"]
[Annotator ""]
[PlyCount "81"]
[EventDate "2016.??.??"]
[EventCountry "AZE"]
[SourceTitle "playchess.com"]
[Source "ChessBase"]
[WhiteTeam "Australia"]
[BlackTeam "Brazil"]
[WhiteTeamCountry "AUS"]
[BlackTeamCountry "BRA"]
[TimeControl "40/5400+30:1800+30"]

1. d4 {(00:00} Nf6 {(00:00} 2. c4 {(00:00} g6 {(
00:56} 3. Nc3 {(00:00} d5 {(00:12} 4. Bg5 {(00:10} Bg7
{(01:33} 5. Bxf6 {(00:23} Bxf6 {(00:11} 6. cxd5 {
(00:19} c5 {(00:47} 7. dxc5 {(00:27} Nd7 {(00:
47} 8. e3 {(00:18} O-O {(02:22} 9. Bc4 {(02:46} Nxc5 {
(00:31} 10. Nge2 {(00:16} Qb6 {(02:07} 11. Qd2 {
(03:00} Bf5 {(05:02} 12. O-O {(07:46} Rac8 {(01:
24} 13. Rac1 {(06:30} Rfd8 {(06:19} 14. b3 {(05:36} a6
{(17:21} 15. Nd4 {(11:23} Ne4 {(05:19} 16. Nxe4 {
(02:16} Bxe4 {(00:14} 17. Rfd1 {(08:17} Kg7 {(
05:42} 18. Ne2 {(16:01} Qd6 {(09:15} 19. f3 {(01:59}
Bf5 {(11:50} 20. e4 {(00:11} Bd7 {(01:31} 21. Qe3 {
(04:59} b5 {(03:18} 22. Bd3 {(00:24} Bb2 {(01:
29} 23. Rb1 {(03:44} Ba3 {(00:41} 24. b4 {(00:54} a5 {
(02:16} 25. e5 {(00:23} Qc7 {(03:10} 26. d6 {(
03:13} exd6 {(03:42} 27. exd6 {(00:05} Qb8 {(00:15}
28. Nf4 {(04:14} Bxb4 {(04:37} 29. Nh5+ {(08:13} gxh5 {
(00:50} 30. Qg5+ {(01:09} Kh8 {(00:13} 31. Qf6+ {
(00:33} Kg8 {(00:07} 32. Bxh7+ {(02:21} Kxh7 {(
00:12} 33. Rd5 {(00:06} Qb6+ {(03:35} 34. Kf1 {(00:05}
Rc5 {(00:46} 35. Qxf7+ {(00:06} Kh8 {(00:55} 36. Qxh5+
{(00:25} Kg7 {(00:43} 37. Qg5+ {(00:08} Kh7 {(
00:26} 38. Rxb4 {(01:15} axb4 {(06:16} 39. Rxc5 {(00:
08} Be8 {(01:55} 40. Qh4+ {(00:00} Kg7 {(00:00} 41.
Qd4+ {(00:18} 1-0

[Event "42nd Olympiad Baku 2016 Open"]
[Site "Baku"]
[Date "2016.09.08"]
[Round "6.16"]
[White "Smith, Michael"]
[Black "Muendle, Kurt"]
[Result "1/2-1/2"]
[ECO "D02"]
[WhiteElo "1560"]
[BlackElo "1857"]
[Annotator ""]
[PlyCount "58"]
[EventDate "2016.??.??"]
[EventCountry "AZE"]
[SourceTitle "playchess.com"]
[Source "ChessBase"]
[WhiteTeam "U.S. Virgin Islands"]
[BlackTeam "Liechtenstein"]
[WhiteTeamCountry "ISV"]
[BlackTeamCountry "LIE"]
[TimeControl "40/5400+30:1800+30"]

1. d4 {(00:00} d5 {(00:00} 2. Nf3 {(00:24} Nf6 {
(00:12} 3. Bf4 {(00:37} e6 {(00:41} 4. e3 {(00:
32} c5 {(01:17} 5. c3 {(01:31} Nc6 {(01:57} 6. Bd3 {
(00:37} Qb6 {(02:25} 7. Qc1 {(02:42} Be7 {(02:
25} 8. Nbd2 {(03:00} Bd7 {(04:20} 9. O-O {(04:50} Rc8
{(00:42} 10. Ne5 {(05:45} cxd4 {(02:06} 11. exd4 {
(03:49} O-O {(12:11} 12. Ndf3 {(09:03} Nb4 {(07:
47} 13. Qd2 {(11:20} Nxd3 {(00:24} 14. Nxd7 {(05:34}
Nxd7 {(00:12} 15. Qxd3 {(00:15} h6 {(07:32} 16. Rfe1 {
(06:24} Bf6 {(06:56} 17. Rab1 {(05:41} Qc6 {(00:
32} 18. Qd2 {(08:21} Rfe8 {(03:17} 19. Ne5 {(02:25}
Bxe5 {(06:29} 20. dxe5 {(03:21} Qc4 {(05:06} 21. a3 {
(04:51} Nc5 {(03:41} 22. Bxh6 {(05:30} gxh6 {(
02:25} 23. Qxh6 {(02:43} Qd3 {(00:23} 24. Rbd1 {(03:33]
} Qg6 {(00:53} 25. Qh4 {(03:02} Qh7 {(04:28} 26. Qg5+ {
(03:06} Qg6 {(03:17} 27. Qh4 {(00:20} Qh7 {(01:
31} 28. Qg5+ {(00:32} Qg6 {(01:09} 29. Qh4 {(01:12}
Qh7 {(00:00} 1/2-1/2

[Event "42nd Olympiad Baku 2016 Open"]
[Site "Baku"]
[Date "2016.09.08"]
[Round "6.16"]
[White "Smith, Shreyas"]
[Black "Berry, Neil"]
[Result "1/2-1/2"]
[ECO "C12"]
[WhiteElo "2146"]
[BlackElo "2315"]
[Annotator ""]
[PlyCount "82"]
[EventDate "2016.??.??"]
[EventCountry "AZE"]
[SourceTitle "playchess.com"]
[Source "ChessBase"]
[WhiteTeam "Jamaica"]
[BlackTeam "Scotland"]
[WhiteTeamCountry "JAM"]
[BlackTeamCountry "SCO"]
[TimeControl "40/5400+30:1800+30"]

1. e4 {(00:00} e6 {(00:00} 2. d4 {(00:00} d5 {(
00:00} 3. Nc3 {(00:01} Nf6 {(00:10} 4. Bg5 {(03:18}
Bb4 {(00:28} 5. e5 {(01:08} h6 {(00:15} 6. Bc1 {
(02:44} Ne4 {(00:55} 7. Qg4 {(00:07} g6 {(02:45]
} 8. Bd3 {(00:32} c5 {(18:12} 9. dxc5 {(00:52} Qa5 {
(09:00} 10. Nge2 {(21:42} Nxc3 {(15:49} 11. Bd2 {
(00:11} Ne4 {(00:44} 12. c3 {(00:07} Bxc5 {(01:
00} 13. Bxe4 {(00:27} dxe4 {(02:07} 14. b4 {(00:30}
Qc7 {(03:41} 15. bxc5 {(02:26} Qxe5 {(01:32} 16. Be3 {
(00:33} Qf5 {(10:03} 17. Qg3 {(02:37} e5 {(00:
51} 18. O-O {(00:27} Nc6 {(00:24} 19. f4 {(23:36} exf3
{(03:44} 20. Rxf3 {(03:48} Qg4 {(00:57} 21. Qf2 {
(01:15} Be6 {(02:21} 22. Rd1 {(15:24} Qa4 {(07:
56} 23. Rd6 {(04:00} Rd8 {(02:35} 24. Rxd8+ {(02:39}
Nxd8 {(03:33} 25. Nc1 {(03:20} Qd1+ {(02:03} 26. Qf1 {
(00:14} Qxf1+ {(00:18} 27. Rxf1 {(00:13} Nc6 {(
01:19} 28. h4 {(00:17} f5 {(00:40} 29. g3 {(00:37} h5
{(06:00} 30. Rd1 {(00:40} Kf7 {(00:17} 31. Bg5 {
(01:47} Rc8 {(00:27} 32. Rd6 {(02:24} e4 {(02:
49} 33. Ne2 {(01:41} Ne5 {(00:52} 34. Nd4 {(00:22}
Nf3+ {(00:36} 35. Nxf3 {(00:47} exf3 {(00:03} 36. Be3 {
(00:14} Rc6 {(00:45} 37. Kf2 {(03:44} Rxd6 {(01:
43} 38. cxd6 {(00:07} Bxa2 {(00:21} 39. Bxa7 {(00:25}
Ke6 {(00:29} 40. Kxf3 {(00:00} Kxd6 {(00:00} 41. Bd4 {
(00:59} Bc4 {(03:22] Ke4 Ke5+} 1/2-1/2

[Event "42nd Olympiad Baku 2016 Open"]
[Site "Baku"]
[Date "2016.09.08"]
[Round "6.7"]
[White "So, Wesley"]
[Black "Kryvoruchko, Yuriy"]
[Result "1/2-1/2"]
[ECO "A05"]
[WhiteElo "2782"]
[BlackElo "2693"]
[Annotator ""]
[PlyCount "89"]
[EventDate "2016.??.??"]
[EventCountry "AZE"]
[SourceTitle "playchess.com"]
[Source "ChessBase"]
[WhiteTeam "United States"]
[BlackTeam "Ukraine"]
[WhiteTeamCountry "USA"]
[BlackTeamCountry "UKR"]
[TimeControl "40/5400+30:1800+30"]

1. Nf3 {(00:00} Nf6 {(00:00} 2. g3 {(00:00} d5 {
(00:32} 3. Bg2 {(00:00} e6 {(00:43} 4. O-O {(00:
00} Be7 {(00:11} 5. c4 {(00:01} O-O {(00:41} 6. b3 {
(00:05} c5 {(01:51} 7. cxd5 {(00:17} Nxd5 {(00:
21} 8. Bb2 {(00:07} Nc6 {(01:30} 9. d4 {(00:07} cxd4 {
(04:56} 10. Nxd4 {(00:07} Bd7 {(00:28} 11. Na3 {
(00:13} Bf6 {(16:28} 12. Nc4 {(00:08} Nxd4 {(00:
36} 13. Bxd4 {(00:06} Bb5 {(00:04} 14. Rc1 {(00:41}
Rc8 {(02:26} 15. a4 {(07:43} Ba6 {(00:07} 16. Re1 {
(09:31} b6 {(06:03} 17. Bxf6 {(00:11} Qxf6 {(04:
52} 18. Bxd5 {(00:05} exd5 {(01:08} 19. Qxd5 {(00:06}
Rfd8 {(03:03} 20. Qe5 {(25:36} Qxe5 {(16:55} 21. Nxe5 {
(00:07} Rxc1 {(00:04} 22. Rxc1 {(00:06} Bxe2 {(
00:06} 23. Nc6 {(07:10} Rd1+ {(01:01} 24. Rxd1 {(00:05]
} Bxd1 {(00:02} 25. Nd4 {(00:33} Bg4 {(00:08} 26. Kf1 {
(01:03} Kf8 {(01:00} 27. Ke1 {(00:58} Bd7 {(02:
47} 28. Kd2 {(04:46} Ke7 {(00:09} 29. Kc3 {(00:22} Kd6
{(00:09} 30. Kc4 {(00:56} a6 {(00:26} 31. Nf3 {(
03:45} Bc6 {(04:58} 32. Nd2 {(01:58} Ke5 {(03:07} 33.
Kc3 {(03:32} Kd5 {(03:09} 34. f3 {(13:13} g5 {(
02:36} 35. Nc4 {(05:54} b5 {(00:26} 36. axb5 {(00:21}
Bxb5 {(00:19} 37. Ne3+ {(00:13} Ke5 {(01:11} 38. Nc4+ {
(05:38} Ke6 {(01:45} 39. Kd4 {(00:56} Bc6 {(04:
04} 40. Nd2 {(00:00} Bb5 {(00:00} 41. b4 {(11:18} Be2
{(06:21} 42. Ke3 {(04:39} Bb5 {(00:12} 43. Kd4 {
(01:28} Be2 {(00:56} 44. Ke4 {(00:37} Bb5 {(01:
04} 45. Kd4 {(08:41] Ke5+ Ke4+} 1/2-1/2

[Event "42nd Olympiad Baku 2016 Open"]
[Site "Baku"]
[Date "2016.09.08"]
[Round "6.17"]
[White "Solomon, Kenny"]
[Black "Le, Quang Liem"]
[Result "0-1"]
[ECO "A80"]
[WhiteElo "2371"]
[BlackElo "2723"]
[Annotator ""]
[PlyCount "80"]
[EventDate "2016.??.??"]
[EventCountry "AZE"]
[SourceTitle "playchess.com"]
[Source "ChessBase"]
[WhiteTeam "South Africa"]
[BlackTeam "Vietnam"]
[WhiteTeamCountry "RSA"]
[BlackTeamCountry "VIE"]
[TimeControl "40/5400+30:1800+30"]

1. d4 {(00:00} f5 {(00:00} 2. Nf3 {(00:14} Nf6 {
(00:04} 3. g3 {(00:05} g6 {(00:12} 4. Bg2 {(00:
11} Bg7 {(00:08} 5. O-O {(00:08} O-O {(00:06} 6. b3 {
(00:12} d6 {(00:10} 7. Bb2 {(00:10} c6 {(00:10}
8. c4 {(00:51} Qc7 {(00:40} 9. Qc2 {(06:06} a5 {
(02:24} 10. Nbd2 {(00:58} Na6 {(00:10} 11. a3 {(
01:31} Re8 {(00:34} 12. Bc3 {(09:59} e5 {(01:23} 13.
dxe5 {(02:32} dxe5 {(00:08} 14. Qb2 {(01:01} Nh5 {
(02:54} 15. b4 {(11:34} e4 {(05:32} 16. Ne1 {(
06:40} Rd8 {(08:13} 17. Nb3 {(16:57} axb4 {(01:02} 18.
axb4 {(00:08} Be6 {(00:31} 19. Nc2 {(05:47} Bxc4 {
(00:29} 20. Ncd4 {(00:57} Qb6 {(22:24} 21. Rfc1 {
(10:37} Nxb4 {(05:28} 22. Rxa8 {(03:01} Rxa8 {(
00:07} 23. Nd2 {(00:09} Bf7 {(03:10} 24. Nxf5 {(12:50}
gxf5 {(05:02} 25. Qxb4 {(00:10} Qxb4 {(00:08} 26. Bxb4
{(00:03} Ra2 {(01:44} 27. Rd1 {(03:47} Nf6 {(01:
25} 28. Nf1 {(05:45} Nd5 {(00:11} 29. Bd2 {(00:07} Bh5
{(04:17} 30. f3 {(01:23} Bd4+ {(00:24} 31. Kh1 {
(00:09} e3 {(00:36} 32. Bc1 {(01:14} c5 {(03:08]
} 33. g4 {(00:26} Bf7 {(00:23} 34. gxf5 {(00:42} Rxe2 {
(00:10} 35. Ng3 {(00:25} Rxg2 {(05:17} 36. Kxg2 {
(00:29} Nf4+ {(00:07} 37. Kh1 {(00:18} Bd5 {(00:
11} 38. Ne4 {(00:23} e2 {(00:33} 39. Re1 {(00:50} Bxe4
{(00:09} 40. fxe4 {(00:00} Bf2 {(00:00} 0-1

[Event "42nd Olympiad Baku 2016 Open"]
[Site "Baku"]
[Date "2016.09.08"]
[Round "6.5"]
[White "Song, Raymond"]
[Black "Harper, Ryan"]
[Result "1-0"]
[ECO "C55"]
[WhiteElo "2170"]
[BlackElo "2215"]
[Annotator ""]
[PlyCount "141"]
[EventDate "2016.??.??"]
[EventCountry "AZE"]
[SourceTitle "playchess.com"]
[Source "ChessBase"]
[WhiteTeam "Taiwan"]
[BlackTeam "TTO"]
[WhiteTeamCountry "TPE"]
[TimeControl "40/5400+30:1800+30"]

1. e4 {(00:00} e5 {(00:00} 2. Nf3 {(00:00} Nc6 {
(00:00} 3. d4 {(00:00} exd4 {(00:00} 4. Bc4 {(
00:00} Nf6 {(01:55} 5. e5 {(00:00} d5 {(08:18} 6. Bb5
{(00:00} Ne4 {(00:05} 7. Nxd4 {(00:00} Bd7 {(00:
05} 8. Bxc6 {(00:00} bxc6 {(00:08} 9. O-O {(00:00} Bc5
{(01:50} 10. f3 {(00:03} Ng5 {(00:04} 11. f4 {(
00:02} Ne4 {(00:13} 12. Be3 {(00:04} Qb8 {(00:04} 13.
b3 {(00:03} O-O {(07:22} 14. Qd3 {(00:02} Qb6 {(
03:06} 15. Nc3 {(02:16} Nxc3 {(01:57} 16. Qxc3 {(00:55]
} f6 {(00:58} 17. Kh1 {(12:20} Rae8 {(01:27} 18. e6 {
(03:43} Bb4 {(35:42} 19. Qd3 {(03:14} Bc8 {(00:
41} 20. c3 {(23:37} Bd6 {(06:51} 21. Nf5 {(05:18} Qa6
{(05:35} 22. Qxa6 {(10:03} Bxa6 {(00:08} 23. Rfe1 {
(00:20} Rxe6 {(01:23} 24. Nxd6 {(00:14} cxd6 {(
00:11} 25. Bxa7 {(00:31} Rfe8 {(00:22} 26. Bf2 {(00:11]
} Re2 {(00:25} 27. Kg1 {(00:56} Kf7 {(00:51} 28. f5 {
(01:33} Bd3 {(03:26} 29. Rxe2 {(01:29} Rxe2 {(
00:30} 30. a4 {(00:42} Rc2 {(00:34} 31. a5 {(04:15}
Rxc3 {(05:03} 32. a6 {(00:15} Bxa6 {(01:23} 33. Rxa6 {
(00:04} Rc1+ {(00:19} 34. Be1 {(00:04} Rxe1+ {(
00:05} 35. Kf2 {(00:02} Rc1 {(07:20} 36. Ra7+ {(00:06}
Kf8 {(02:30} 37. Ra8+ {(00:04} Kf7 {(00:26} 38. Ra7+ {
(00:03} Kf8 {(00:12} 39. Ra8+ {(00:06} Ke7 {(00:
05} 40. Ra7+ {(00:00} Ke8 {(00:00} 41. Ra8+ {(00:23}
Ke7 {(04:30} 42. Ra7+ {(00:05} Kd8 {(00:09} 43. Rxg7 {
(00:10} Rc2+ {(00:47} 44. Kf3 {(04:14} Rc3+ {(
00:09} 45. Ke2 {(00:07} Rxb3 {(00:12} 46. Rf7 {(01:17}
Rb2+ {(04:05} 47. Kf3 {(00:06} Rb3+ {(02:28} 48. Ke2 {
(00:01} Rb4 {(10:15} 49. Rxf6 {(00:34} Re4+ {(
00:07} 50. Kf3 {(03:09} Ke7 {(02:34} 51. Rh6 {(00:05}
c5 {(00:39} 52. g4 {(00:45} c4 {(07:16} 53. g5 {
(08:05} c3 {(06:38} 54. Rxh7+ {(00:03} Kf8 {(00:
24} 55. Rc7 {(03:00} Rh4 {(00:45} 56. f6 {(01:20} Rc4
{(00:53} 57. Rxc4 {(02:01} dxc4 {(00:06} 58. Ke2 {
(00:02} Kf7 {(01:23} 59. Kd1 {(00:35} d5 {(00:
09} 60. Kc2 {(00:04} d4 {(00:07} 61. h4 {(00:19} Kg6 {
(01:26} 62. h5+ {(00:09} Kf7 {(00:31} 63. Kc1 {(
00:10} d3 {(00:53} 64. Kd1 {(00:08} c2+ {(00:59} 65.
Kd2 {(00:05} Ke6 {(00:22} 66. h6 {(00:24} Kd5 {(
00:22} 67. f7 {(00:09} Kd4 {(00:07} 68. f8=Q {(00:07}
c3+ {(00:30} 69. Kc1 {(00:06} Kc4 {(01:12} 70. h7 {
(00:26} Kb3 {(01:17} 71. Qf7+ {(00:08} 1-0

[Event "42nd Olympiad Baku 2016 Open"]
[Site "Baku"]
[Date "2016.09.08"]
[Round "6.18"]
[White "Soriano, Rudolph P"]
[Black "Colindres, Daniel"]
[Result "0-1"]
[ECO "A05"]
[WhiteElo "1787"]
[BlackElo "2166"]
[Annotator ""]
[PlyCount "90"]
[EventDate "2016.??.??"]
[EventCountry "AZE"]
[SourceTitle "playchess.com"]
[Source "ChessBase"]
[WhiteTeam "GUM"]
[BlackTeam "Honduras"]
[BlackTeamCountry "HON"]
[TimeControl "40/5400+30:1800+30"]

1. Nf3 {(00:00} Nf6 {(00:00} 2. c4 {(00:00} g6 {
(00:42} 3. Nc3 {(00:25} Bg7 {(00:22} 4. g3 {(01:
02} O-O {(01:33} 5. Bg2 {(00:02} d6 {(00:29} 6. O-O {
(00:48} c5 {(07:14} 7. d4 {(00:17} Na6 {(02:13}
8. h3 {(02:49} Be6 {(05:38} 9. Ng5 {(01:55} Bc8 {
(16:15} 10. d5 {(00:46} Nc7 {(00:56} 11. e4 {(
00:44} h6 {(03:44} 12. Nf3 {(00:04} b5 {(00:40} 13.
cxb5 {(01:55} a6 {(00:46} 14. e5 {(01:26} Nfe8 {
(00:30} 15. b6 {(00:11} Nb5 {(00:09} 16. Na4 {(
02:14} Bd7 {(11:29} 17. Re1 {(01:28} Rb8 {(04:29} 18.
Be3 {(03:02} Kh7 {(06:44} 19. Rc1 {(02:26} a5 {(
12:24} 20. Rc4 {(00:41} Nd4 {(01:25} 21. Nxd4 {(03:30}
cxd4 {(00:14} 22. Bxd4 {(00:32} Bb5 {(00:12} 23. Rc6 {
(02:00} dxe5 {(00:23} 24. Bxe5 {(03:06} Bxe5 {(
00:08} 25. Rxe5 {(00:10} Bxc6 {(00:05} 26. Qc2 {(01:40]
} Bxa4 {(02:00} 27. Qxa4 {(00:21} Qxb6 {(00:04} 28.
Rxe7 {(01:27} Nd6 {(02:53} 29. Qf4 {(01:52} Rbe8 {
(03:54} 30. Qf6 {(04:03} Rxe7 {(03:07} 31. Qxe7 {
(00:30} Re8 {(02:34} 32. Qf6 {(00:25} Re1+ {(00:
08} 33. Kh2 {(00:10} Re2 {(00:06} 34. Kg1 {(00:34}
Rxb2 {(00:59} 35. h4 {(00:27} h5 {(00:53} 36. g4 {
(00:46} hxg4 {(04:08} 37. h5 {(01:10} g3 {(00:
57} 38. hxg6+ {(00:35} fxg6 {(00:19} 39. Qh4+ {(02:08}
Kg7 {(02:02} 40. Qxg3 {(00:00} Rb1+ {(00:00} 41. Kh2 {
(01:32} Nf5 {(03:19} 42. Qe5+ {(07:21} Qf6 {(00:
36} 43. Qc7+ {(00:14} Kh6 {(00:23} 44. Qc2 {(02:39}
Qh4+ {(00:30} 45. Bh3 {(00:16} Qf4+ {(00:04} 0-1

[Event "42nd Olympiad Baku 2016 Open"]
[Site "Baku"]
[Date "2016.09.08"]
[Round "6.31"]
[White "Stachanczyk, Jacek"]
[Black "Kulpruethanon, Thanadon"]
[Result "1/2-1/2"]
[ECO "C46"]
[WhiteElo "2192"]
[BlackElo "2235"]
[Annotator ""]
[PlyCount "92"]
[EventDate "2016.??.??"]
[EventCountry "AZE"]
[SourceTitle "playchess.com"]
[Source "ChessBase"]
[WhiteTeam "IBCA"]
[BlackTeam "THA"]
[WhiteTeamCountry "POL"]
[BlackTeamCountry "THA"]
[TimeControl "40/5400+30:1800+30"]

1. e4 c6 {(00:00} 2. d4 {(00:00} d5 {(00:00} 3. Nc3 {
(00:00} dxe4 {(00:00} 4. Nxe4 {(00:00} Bf5 {(00:
00} 5. Qf3 {(00:16} Bxe4 {(02:19} 6. Qxe4 {(00:08} Nf6
{(00:07} 7. Qh4 {(00:12} e6 {(00:26} 8. Nf3 {(
01:17} Be7 {(00:36} 9. Bd2 Qd5 {(10:30} 10. Bd3 {(14:
31} Nbd7 {(01:59} 11. O-O {(02:18} Qh5 {(02:16} 12.
Qxh5 {(00:40} Nxh5 {(00:04} 13. Ne5 {(02:39} Nhf6 {
(00:45} 14. a4 Nxe5 {(05:13} 15. dxe5 {(07:18} Nd7 {
(00:18} 16. Rfe1 {(02:00} Nc5 {(03:25} 17. Bf1 {
(00:34} a5 {(11:40} 18. Be3 {(20:04} Kd7 {(12:
12} 19. Red1+ {(10:02} Kc7 {(01:16} 20. Bxc5 Bxc5 {(00:
16} 21. Rd2 {(01:45} Rad8 {(03:22} 22. Rad1 {(00:08}
Rxd2 {(00:31} 23. Rxd2 {(00:05} Rd8 {(13:26} 24. Rxd8 {
(00:38} Kxd8 {(00:01} 25. c3 {(00:08} Be7 {(11:
28} 26. g3 {(00:28} Kc7 {(00:08} 27. Bd3 {(00:16} h6 {
(01:10} 28. Kf1 {(01:16} Kb6 {(00:36} 29. Ke2 {(
02:59} Kc5 {(02:00} 30. f4 {(02:28} b5 31. axb5 cxb5 {(
02:28} 32. Ke3 {(05:49} f6 {(00:41} 33. exf6 {(01:57}
Bxf6 {(00:05} 34. Kd2 {(05:04} b4 {(00:28} 35. cxb4+ {
(01:19} Kxb4 {(01:35} 36. Kc2 {(00:14} Kc5 {(00:
37} 37. b3 {(01:30} Kd4 {(00:12} 38. Kd2 {(01:29} Be7
{(00:28} 39. Bb5 {(00:52} Bb4+ {(00:54} 40. Ke2 {
(00:00} e5 {(00:00} 41. fxe5 {(00:45} Kxe5 {(02:
00} 42. Kf3 {(00:15} Kf6 {(00:41} 43. h3 {(00:14} Bc5
{(01:18} 44. g4 {(00:06} Kg5 {(00:26} 45. Kg2 {(
00:12} Kf4 {(00:27} 46. Ba4 {(00:16} Ke5 1/2-1/2

[Event "42nd Olympiad Baku 2016 Open"]
[Site "Baku"]
[Date "2016.09.08"]
[Round "6.33"]
[White "Stefansson, Hannes"]
[Black "Solak, Dragan"]
[Result "1/2-1/2"]
[ECO "D11"]
[WhiteElo "2574"]
[BlackElo "2635"]
[Annotator ""]
[PlyCount "71"]
[EventDate "2016.??.??"]
[EventCountry "AZE"]
[SourceTitle "playchess.com"]
[Source "ChessBase"]
[WhiteTeam "Iceland"]
[BlackTeam "Turkey"]
[WhiteTeamCountry "ISL"]
[BlackTeamCountry "TUR"]
[TimeControl "40/5400+30:1800+30"]

1. d4 {(00:00} d5 {(00:00} 2. c4 {(00:13} c6 {(
00:00} 3. Nf3 {(00:30} Nf6 {(00:00} 4. e3 {(01:32} Bg4
{(01:37} 5. h3 {(01:00} Bh5 {(04:32} 6. Nc3 {(
00:53} e6 {(00:12} 7. g4 {(01:37} Bg6 {(00:05} 8. Ne5
{(01:15} Nbd7 {(00:13} 9. Nxg6 {(00:53} hxg6 {(
00:06} 10. Bd2 {(04:32} Bb4 {(02:32} 11. Qb3 {(05:24}
Bxc3 {(02:54} 12. Bxc3 {(01:05} Nxg4 {(02:37} 13. Qxb7
{(22:28} Rb8 {(05:01} 14. Qxc6 {(07:04} Qf6 {(
07:15} 15. hxg4 {(05:00} Rxh1 {(01:53} 16. Qd6 {(07:44]
} dxc4 {(07:21} 17. Qc6 {(02:53} Rh2 {(09:19} 18. Bg2 {
(00:38} Qh4 {(07:09} 19. Ke2 {(02:11} Qxg4+ {(
03:31} 20. Bf3 {(00:06} Qf5 {(01:28} 21. Rd1 {(04:36}
g5 {(07:31} 22. Qd6 {(03:57} g4 {(21:02} 23. Qxh2 {
(00:18} Qxf3+ {(00:28} 24. Kd2 {(01:56} Rb5 {(
00:48} 25. Kc1 {(09:35} g3 {(07:26} 26. fxg3 {(00:39}
Qxe3+ {(01:17} 27. Bd2 {(04:07} Qf3 {(01:03} 28. Qh8+ {
(00:54} Nf8 {(00:44} 29. Qxg7 {(00:17} Rxb2 {(
00:52} 30. Kxb2 {(04:50} Qxd1 {(00:05} 31. Bb4 {(00:32]
} Qe2+ {(00:20} 32. Kc1 {(02:33} Qf1+ {(00:49} 33. Kb2
{(00:08} Qe2+ {(01:11} 34. Kc1 {(00:06} Qf1+ {(
00:23} 35. Kb2 {(00:07} Qe2+ {(03:40} 36. Kc1 1/2-1/2

[Event "42nd Olympiad Baku 2016 Open"]
[Site "Baku"]
[Date "2016.09.08"]
[Round "6.15"]
[White "Stojanovic, Dalibor"]
[Black "Sulskis, Sarunas"]
[Result "1/2-1/2"]
[ECO "C24"]
[WhiteElo "2505"]
[BlackElo "2519"]
[Annotator ""]
[PlyCount "91"]
[EventDate "2016.??.??"]
[EventCountry "AZE"]
[SourceTitle "playchess.com"]
[Source "ChessBase"]
[WhiteTeam "Bosnia  Herzegovina"]
[BlackTeam "Lithuania"]
[WhiteTeamCountry "BIH"]
[BlackTeamCountry "LTU"]
[TimeControl "40/5400+30:1800+30"]

1. e4 {(00:00} e5 {(00:00} 2. Bc4 {(00:12} Nf6 {
(00:03} 3. d3 {(00:06} c6 {(00:45} 4. Nf3 {(01:
41} d5 {(00:13} 5. Bb3 {(00:08} Bd6 {(06:12} 6. exd5 {
(03:28} cxd5 {(03:06} 7. Bg5 {(01:33} Nc6 {(02:
46} 8. Nc3 {(06:38} d4 {(09:37} 9. Nd5 {(12:55} Be7 {
(04:30} 10. Nxe7 {(01:36} Qxe7 {(00:22} 11. O-O {
(02:06} h6 {(00:24} 12. Bxf6 {(12:08} Qxf6 {(00:
06} 13. Ba4 {(11:03} Bg4 {(04:14} 14. Bxc6+ {(03:49}
bxc6 {(00:15} 15. Re1 {(00:11} O-O-O {(10:09} 16. Re4 {
(05:01} Bxf3 {(03:03} 17. Qxf3 {(00:04} Qxf3 {(
00:29} 18. gxf3 {(00:04} f6 {(07:44} 19. f4 {(00:05}
exf4 {(01:16} 20. Rxf4 {(03:37} Rhe8 {(00:30} 21. Re4 {
(00:05} f5 {(06:38} 22. Ree1 {(02:21} Kd7 {(00:
54} 23. Kf1 {(04:04} g5 {(02:56} 24. c3 {(01:56} dxc3
{(12:08} 25. bxc3 {(00:07} Kd6 {(02:03} 26. Rab1 {
(08:32} Rxe1+ {(02:18} 27. Kxe1 {(05:53} Re8+ {(
04:09} 28. Kf1 {(04:44} g4 {(04:03} 29. Rb7 {(02:08}
Re7 {(01:13} 30. Rb8 {(02:08} Ke5 {(04:08} 31. Kg2 {
(00:51} Kf4 {(01:00} 32. Rb4+ {(00:16} Kg5 {(00:
13} 33. Rc4 {(03:29} f4 {(03:48} 34. h3 {(01:49} h5 {
(00:40} 35. hxg4 {(00:24} hxg4 {(00:24} 36. Rxc6 {
(01:59} Re2 {(00:42} 37. Kg1 {(00:17} Rxa2 {(01:
25} 38. Rc8 {(00:27} g3 {(02:49} 39. fxg3 {(00:11}
fxg3 {(00:14} 40. c4 {(00:00} Kf4 {(00:00} 41. c5 {
(05:10} a5 {(03:45} 42. c6 {(03:02} Ra1+ {(05:
36} 43. Kg2 {(00:10} Ra2+ {(00:18} 44. Kg1 {(00:05}
Ra1+ {(00:44} 45. Kg2 {(00:05} Ra2+ {(00:18} 46. Kg1 {
(00:05} 1/2-1/2

[Event "42nd Olympiad Baku 2016 Open"]
[Site "Baku"]
[Date "2016.09.08"]
[Round "6.30"]
[White "Tagelsir, Abubaker"]
[Black "Arias, Daniel"]
[Result "1/2-1/2"]
[ECO "B96"]
[WhiteElo "2216"]
[BlackElo "2285"]
[Annotator ""]
[PlyCount "62"]
[EventDate "2016.??.??"]
[EventCountry "AZE"]
[SourceTitle "playchess.com"]
[Source "ChessBase"]
[WhiteTeam "Sudan"]
[BlackTeam "El Salvador"]
[WhiteTeamCountry "SUD"]
[BlackTeamCountry "ESA"]
[TimeControl "40/5400+30:1800+30"]

1. e4 {(00:00} c5 {(00:00} 2. Nf3 {(00:00} d6 {(
00:04} 3. d4 {(00:01} cxd4 {(00:06} 4. Nxd4 {(00:07}
Nf6 {(00:05} 5. Nc3 {(00:07} a6 {(00:05} 6. Bg5 {
(00:25} e6 {(00:06} 7. f4 {(00:04} h6 {(00:05}
8. Bh4 {(04:20} Qb6 {(00:10} 9. Qd2 {(09:51} Qxb2 {
(01:07} 10. Rb1 {(00:06} Qa3 {(00:04} 11. f5 {(
08:37} Be7 {(04:37} 12. fxe6 {(07:55} fxe6 {(00:43}
13. Bc4 {(07:06} Nxe4 {(02:44} 14. Nxe4 {(00:42} Bxh4+
{(00:06} 15. g3 {(00:09} Bg5 {(00:04} 16. Nxg5 {
(01:15} hxg5 {(00:05} 17. Bxe6 {(01:53} Qxg3+ {(
11:38} 18. hxg3 {(15:18} Rxh1+ {(00:06} 19. Kf2 {(00:
12} Rh2+ {(00:02} 20. Ke3 {(00:05} Rxd2 {(00:05} 21.
Bxc8 {(03:03} Rxd4 {(07:05} 22. Bxb7 {(00:17} Rc4 {
(02:44} 23. Bxa8 {(01:44} Nd7 {(00:02} 24. Be4 {
(02:23} Ke7 {(02:25} 25. Rb7 {(01:13} Ke6 {(01:
01} 26. Bd3 {(01:36} Ra4 {(01:02} 27. Ra7 {(00:22} Nc5
{(00:27} 28. Rxg7 {(00:14} Nxd3 {(00:36} 29. cxd3 {
(00:17} Kf6 {(00:18} 30. Rd7 {(00:09} Ke6 {(00:
04} 31. Rg7 {(00:08} Kf6 {(00:04] Ke4 Ke5+} 1/2-1/2